 Dungeon Crawl Stone Soup version 0.24.0-123-gd5b16e6ec5 (webtiles) character file.

Game seed: 13117959299362850832, levelgen mode: deterministic

168 Kobolds4U the Conjurer (level 5, -4/28 HPs)
             Began as a Deep Elf Conjurer on Dec 16, 2019.
             Slain by a scorpion (6 damage)
             ... on level 3 of the Dungeon.
             The game lasted 00:04:56 (2335 turns).

Kobolds4U the Conjurer (Deep Elf Conjurer)          Turns: 2335, Time: 00:04:56

Health: -4/28      AC:  2    Str:  6    XL:     5   Next: 24%
Magic:  1/11       EV: 13    Int: 24    God:
Gold:   123        SH:  0    Dex: 15    Spells: 4/10 levels left

rFire    . . .     SeeInvis .   e - -1 dagger (curse)
rCold    . . .     Gourm    .   (no shield)
rNeg     . . .     Faith    .   a - +0 robe
rPois    .         Spirit   .   (no helmet)
rElec    .         Reflect  .   (no cloak)
rCorr    .         Harm     .   (no gloves)
MR       .....                  (no boots)
Stlth    ++........             (no amulet)
HPRegen  0.09/turn              m - +4 ring of intelligence
MPRegen  0.12/turn              (no ring)

@: lethally poisoned (-4 -> -11)
A: no striking features
a: no special abilities


You were on level 3 of the Dungeon.
You were not hungry.

You visited 1 branch of the dungeon, and saw 3 of its levels.

You collected 123 gold pieces.

Inventory:

Hand Weapons
 e - a cursed -1 dagger (weapon)
 t - a +0 short sword
Armour
 a - a +0 robe (worn)
Jewellery
 m - a +4 ring of intelligence (left hand)
 q - a +1 ring of evasion {unknown}
Wands
 p - a wand of paralysis (3)
Scrolls
 d - a scroll of teleportation {unknown}
 g - a scroll of blinking {unknown}
 j - a scroll of fog {unknown}
 k - a scroll of noise {unknown}
 l - 3 scrolls of identify {unknown}
 o - 4 scrolls of remove curse {unknown}
 s - a scroll of amnesia {unknown}
 u - a scroll of immolation {unknown}
Potions
 b - a potion of brilliance {unknown}
 f - a potion of curing
 h - a potion of cancellation {unknown}
 i - a potion of haste {unknown}
 n - a potion of degeneration {unknown}
 v - a potion of flight {unknown}
Comestibles
 c - 4 rations
 r - 10 chunks of flesh


   Skills:
 - Level 2.4 Dodging
 - Level 2.4 Stealth
 - Level 3.0 Spellcasting
 + Level 7.2 Conjurations


You had 4 spell levels left.
You knew the following spells:

 Your Spells              Type           Power        Failure   Level  Hunger
a - Magic Dart            Conj           ####         1%          1    None
b - Searing Ray           Conj           #####.       1%          2    ##.....
c - Dazzling Spray        Conj/Hex       ###...       8%          3    ###....

Your spell library contained the following spells:

 Spells                   Type           Power        Failure   Level  Hunger
 Iskenderun's Mystic Bla  Conj           #####...     5%          4    ####...
 Force Lance              Conj/Tloc      ###.....     24%         4    ####...
 Fulminant Prism          Conj/Hex       ###.......   24%         4    ####...


Dungeon Overview and Level Annotations

Branches:
Dungeon (3/15)

Altars:
Trog


Message History

The goblin shouts!
You hit the scorpion but do no damage.
The scorpion is moderately wounded.
* * * LOW HITPOINT WARNING * * *
You feel sick.
You hear a shout!
The scorpion barely misses you.
Unknown command.
Unknown command.
Unknown command.
Unknown command.
You hit the scorpion but do no damage.
The scorpion is moderately wounded.
The scorpion closely misses you.
* * * LOW HITPOINT WARNING * * *
You feel sick.
You hit the scorpion but do no damage.
The scorpion is moderately wounded.
The scorpion stings you.
You die...

# #....)...#
#....÷...#
##........#
#....#.#### ...
#....#..# ..
#....##.# ..
#....##.###.#
#.........#.#####
#......@.........
#......s÷..g.....
#..$.....÷...K...
#................
#....####.<......
##### #........
#........
#........
##.......


You could see a scorpion, a goblin and a kobold.

Vanquished Creatures
  A howler monkey (D:3)
  6 adders
  2 dart slugs
  3 worms
  3 leopard geckos
  An orc (D:3)
  6 bats
  3 giant cockroaches
  8 goblins
  10 hobgoblins
  A jackal (D:2)
  6 kobolds
  2 quokkas
  A ball python (D:3)
  3 frilled lizards
  5 rats
61 creatures vanquished.

Notes
Turn   | Place    | Note
-------+----------+-------------------------------------------
     0 | D:1      | Kobolds4U the Deep Elf Conjurer began the quest for the
                  | Orb.
     0 | D:1      | Reached XP level 1. HP: 10/10 MP: 6/6
     2 | D:1      | Noticed a human
     4 | D:1      | Noticed a dwarf
     4 | D:1      | Noticed an octopode
     6 | D:1      | Noticed a formicid
     8 | D:1      | Noticed a gargoyle
     8 | D:1      | Noticed a ghoul
    10 | D:1      | Noticed a merfolk
    10 | D:1      | Noticed a minotaur
    12 | D:1      | Noticed a halfling
    12 | D:1      | Noticed a tengu
    14 | D:1      | Noticed a centaur
    14 | D:1      | Noticed a spriggan
    16 | D:1      | Noticed a naga
    16 | D:1      | Noticed a draconian
    18 | D:1      | Noticed a vine stalker
    18 | D:1      | Noticed a vampire
    20 | D:1      | Noticed an ogre
    22 | D:1      | Noticed a felid
    22 | D:1      | Noticed a demonspawn
    24 | D:1      | Noticed an elf
    26 | D:1      | Noticed a troll
    26 | D:1      | Noticed a demigod
   202 | D:1      | Reached XP level 2. HP: 10/15 MP: 4/8
   206 | D:1      | Learned a level 2 spell: Searing Ray
   209 | D:1      | Reached skill level 5 in Conjurations
   652 | D:2      | Reached XP level 3. HP: 19/19 MP: 6/9
   823 | D:2      | Found a faded altar of an unknown god.
   930 | D:2      | Reached skill level 6 in Conjurations
  1024 | D:2      | Found a bloodstained altar of Trog.
  1218 | D:2      | Reached XP level 4. HP: 24/24 MP: 4/10
  1223 | D:2      | Learned a level 3 spell: Dazzling Spray
  2307 | D:3      | Reached skill level 7 in Conjurations
  2307 | D:3      | Reached XP level 5. HP: 14/28 MP: 0/11
  2334 | D:3      | HP: 1/28 [poisoned by a scorpion]
  2335 | D:3      | Slain by a scorpion

Levels and vault maps discovered:
D:1:      kb_arrival_jail, layout_rooms
D:2:      layout_loops_cross, chequers_ecumenical_altar_simple_redux,
          hangedman_decor_clover_reticule, minmay_hexomino_r4
D:3:      layout_basic, first_ration

Skill      XL: |  1  2  3  4 |
---------------+-------------+-----
Conjurations   | 5 6 7 |  7.2
Dodging        | |  2.4
Stealth        | |  2.4
Spellcasting   | |  3.0

Action                   |  1- 3 |  4- 6 || total
-------------------------+-------+-------++-------
Melee: Dagger            |     5 |    31 ||    36
 Cast: Magic Dart        |    61 |    47 ||   108
       Searing Ray       |     1 |     4 ||     5
  Use: Potion            |       |     1 ||     1
 Stab: Sleeping          |     1 |       ||     1
  Eat: Chunk             |     1 |     3 ||     4
Armor: Robe              |       |     5 ||     5
Dodge: Dodged            |     3 |    31 ||    34
